 Dungeon Crawl Stone Soup version 0.26.1-11-gd32895ea62 (webtiles) character file.

Game seed: 16312080980771650807

85 Arcadio the Sneak (level 4, -5/29 HPs)
             Began as an Octopode Brigand on May 22, 2021.
             Was a Follower of Dithmenos.
             Killed from afar by an orc wizard (9 damage)
             ... with a puff of frost
             ... on level 4 of the Dungeon.
             The game lasted 00:06:04 (3887 turns).

Arcadio the Sneak (Octopode Brigand)                Turns: 3887, Time: 00:06:05

Health: -5/29      AC:  1    Str: 10    XL:     4   Next: 48%
Magic:  4/4        EV: 13    Int: 13    God:    Dithmenos [*.....]
Gold:   174        SH:  0    Dex: 14    Spells: 3/3 levels left

rFire    . . .     SeeInvis .   o - +2 dagger (protect)
rCold    . . .     Faith    .   (no shield)
rNeg     . . .     Spirit   .   (helmet restricted)
rPois    .         Reflect  .   (no amulet)
rElec    .         Harm     .   (no ring)
rCorr    .         Rampage  .   (no ring)
Will     .....                  (no ring)
Stlth    +++++.....             (no ring)
HPRegen  0.09/turn              (no ring)
MPRegen  0.09/turn              (no ring)
                                (no ring)
                                (no ring)

@: wreathed by umbra
A: almost no armour, stealthy swim, amphibious, 8 rings, constrict 8, camouflage
1, gelatinous body 1
a: Renounce Religion


You were on level 4 of the Dungeon.
You worshipped Dithmenos.
Dithmenos was aware of your devotion.
You visited 1 branch of the dungeon, and saw 4 of its levels.

You collected 174 gold pieces.

Inventory:

Hand Weapons
 a - a +2 dagger
 o - a +2 dagger of protection (weapon)
Missiles
 b - 30 poisoned darts (quivered)
 c - 2 curare-tipped darts
Jewellery
 k - a cursed ring of teleportation {unknown}
 p - a cursed ring of attention {unknown}
Scrolls
 d - a scroll of noise
 e - 2 scrolls of teleportation
 f - 8 scrolls of remove curse
 i - a scroll of enchant weapon {unknown}
 l - a scroll of enchant armour {unknown}
 m - a scroll of immolation {unknown}
 n - a scroll of amnesia {unknown}
 t - a scroll of magic mapping
 w - a scroll of fog {unknown}
Potions
 g - 3 potions of curing
 h - a potion of invisibility
 j - a potion of berserk rage
 q - a potion of flight {unknown}
 r - a potion of heal wounds {unknown}
 s - a potion of cancellation {unknown}
 u - a potion of resistance {unknown}
 v - a potion of mutation {unknown}


   Skills:
 - Level 2.0 Fighting
 + Level 3.5 Short Blades
 - Level 2.0 Throwing
 - Level 1.0 Dodging
 + Level 6.8 Stealth


You had 3 spell levels left.
You didn't know any spells.
Your spell library was empty.

Dungeon Overview and Level Annotations

Branches:
Dungeon (4/15)             Temple (0/1) D:4

Altars:
Dithmenos
Fedhas
Sif Muna
Trog
Xom
Zin


Innate Abilities, Weirdness & Mutations

You cannot wear most types of armour.
You are very stealthy in the water. (Stealth+)
You are amphibious.
You can wear up to eight rings at the same time.
You can use your tentacles to constrict eight enemies at once.
Your skin changes colour to match your surroundings (Stealth+).
Your rubbery body absorbs attacks. (AC +1, EV +1)


Message History

The puff of flame hits you!
You hear some strange, mumbled words.
You feel better.
You hear some strange, mumbled words.
A puff of flame appears from out of thin air!
The puff of flame misses you.
You hear some strange, mumbled words.
A magic dart appears from out of thin air!
The magic dart hits you. Something hits you but does no damage.
A magic dart appears from out of thin air!
The magic dart hits you!
* * * LOW HITPOINT WARNING * * *
Something hits you but does no damage. Something hits you.
* * * LOW HITPOINT WARNING * * *
You hear some strange, mumbled words.
A puff of frost appears from out of thin air!
The puff of frost hits you!
You die...

* * *################# *
*.......<@.{..o..# *
*.##############.# **
*,********* #.#
,*******,,,,,,,,,*
#.#########
,,,,,,,,,,******,*
#.o..ol.... ,*******,,*
**,** #######.... ** **,*
*,,,** #.... * *,* **,,,**
##o... *
**,*******,,,########.....


You could see an orc.

Vanquished Creatures
  An adder (D:2)
  3 worms (D:3)
  A dart slug (D:2)
  3 leopard geckos
  An orc (D:3)
  A ball python (D:1)
  10 bats
  4 giant cockroaches
  3 goblins
  7 hobgoblins
  8 jackals (D:3)
  2 frilled lizards
  3 kobolds
  9 rats
56 creatures vanquished.

Notes
Turn   | Place    | Note
-------+----------+-------------------------------------------
     0 | D:1      | Arcadio the Octopode Brigand began the quest for the Orb.
     0 | D:1      | Reached XP level 1. HP: 14/14 MP: 1/1
   372 | D:1      | Reached XP level 2. HP: 14/19 MP: 2/2
  1276 | D:2      | Reached skill level 6 in Stealth
  1276 | D:2      | Reached XP level 3. HP: 24/24 MP: 3/3
  1336 | D:2      | Noticed an angel
  1338 | D:2      | Found a shimmering altar of Xom.
  1338 | D:2      | Found a glowing silver altar of Zin.
  1405 | D:2      | Found a shadowy altar of Dithmenos.
  1447 | D:2      | Became a worshipper of Dithmenos the Shadowed
  2303 | D:3      | Found a blossoming altar of Fedhas.
  2377 | D:3      | Noticed a moth of wrath
  2408 | D:3      | Reached XP level 4. HP: 3/29 MP: 4/4
  2915 | D:3      | Reached * piety under Dithmenos
  3059 | D:3      | Found a shimmering blue altar of Sif Muna.
  3644 | D:3      | Found a bloodstained altar of Trog.
  3887 | D:4      | Killed from afar by an orc wizard

Illustrated notes

Levels and vault maps discovered:
D:1:      ncdulo_wetmaze, layout_basic, grunt_decor_resistance
D:2:      layout_basic, grunt_temple_overflow_order_and_chaos_1,
          nicolae_dithmenos_through_a_glass_darkly
D:3:      layout_loops_ring, led_sif_book, overflow_temple_1_default, tgw_trog
D:4:      layout_loops_ring, lemuel_coloured_pillars_altar,
          minmay_temple_entry_tees, hangedman_abyss_or_decor_jellyfish_corner,
          serial_bayou_crossing, uniq_menkaure, uniq_natasha

Skill      XL: |  1  2  3 |
---------------+----------+-----
Stealth        | 6 |  6.8
Short Blades   | 3 |  3.5
Fighting       | |  2.0
Throwing       | |  2.0
Dodging        | |  1.0

Action                   |  1- 3 |  4- 6 || total
-------------------------+-------+-------++-------
Melee: Dagger            |    55 |    48 ||   103
       Constrict         |    12 |    13 ||    25
       Tentacles         |     8 |     6 ||    14
  Use: Scroll            |     5 |     3 ||     8
       Potion            |       |     1 ||     1
 Stab: Sleeping          |    21 |     4 ||    25
Armor: Skin              |    12 |     7 ||    19
Dodge: Dodged            |    43 |    29 ||    72
